 Dungeon Crawl Stone Soup version 0.17.1-3-g152610e (webtiles) character file.

94 ololoev the Slasher (level 4, -2/35 HPs)
             Began as a Mummy Chaos Knight on Apr 28, 2016.
             Slain by a hobgoblin
             ... wielding a +0 club
              (4 damage)
             ... on level 3 of the Dungeon.
             The game lasted 00:03:08 (2538 turns).

ololoev the Slasher (Mummy Chaos Knight)            Turns: 2538, Time: 00:03:08

Health: -2/35      AC:  6    Str: 16      XL:     4   Next: 38%
Magic:  4/4        EV: 11    Int: 11      God:    Xom [*.....]
Gold:   123        SH:  0    Dex:  7 (11) Spells: 0 memorised, 3 levels left

rFire  x . .     SeeInvis .     a - +0 falchion (chaos)
rCold  + . .     Clarity  .     b - +2 leather armour
rNeg   + + +     SustAt   .     (no shield)
rPois  ∞         Gourm    .     (no helmet)
rElec  .         Spirit   .     (no cloak)
rCorr  .         Warding  .     (no gloves)
rMut   .         Stasis   .     i - +0 pair of boots
MR     .....                    e - amulet of faith
Stlth  +.........               (no ring)
                                (no ring)

@: not resistant to hostile enchantments, very unstealthy
A: no food or potions, fire vulnerability, cold resistance 1, negative energy
resistance 3, torment resistance, unbreathing
a: Renounce Religion


Innate Abilities, Weirdness & Mutations

You do not eat or drink.
Your flesh is vulnerable to fire.
You are immune to poison.
Your flesh is cold resistant.
You are immune to negative energy.
You are immune to unholy pain and torment.
You can survive without breathing.

Inventory:

Hand Weapons
 a - a +0 falchion of chaos (weapon)
Armour
 b - a +2 leather armour (worn)
 i - a +0 pair of boots (worn)
Jewellery
 e - an amulet of faith (around neck)
Scrolls
 c - a scroll of fog {unknown}
 d - a scroll of immolation {unknown}
 f - a scroll of enchant weapon {unknown}
 g - 2 scrolls of fear {unknown}
 h - 3 scrolls of identify {unknown}
 j - a scroll of remove curse


   Skills:
 - Level 3.0 Fighting
 + Level 4.3 Long Blades
 - Level 1.5 Armour
 - Level 0.7 Dodging


You had 3 spell levels left.
You didn't know any spells.


You were on level 3 of the Dungeon.
You worshipped Xom.
You were a special plaything of Xom.
You were not hungry.

You visited 1 branch of the dungeon, and saw 3 of its levels.

You collected 123 gold pieces.

#..#.# #.#
##.#.# #.#
#.#.# #.#
#.# #.. #.#
.# #.# #.#
########.#.#
#...goo@...#
#$######g###
#.# #.# ...
#.# ... ##

Notes
Turn   | Place    | Note
--------------------------------------------------------------
     0 | D:1      | ololoev the Mummy Chaos Knight began the quest for the Orb.
     0 | D:1      | Reached XP level 1. HP: 18/18 MP: 1/1
    83 | D:1      | XOM: potion effect (curing)
    88 | D:1      | Reached XP level 2. HP: 9/24 MP: 2/2
   557 | D:1      | XOM: mild Divn miscast
   613 | D:1      | XOM: harmless Pois miscast
   653 | D:1      | XOM: noise
   838 | D:1      | XOM: colour smoke trail
  1031 | D:1      | XOM: harmless Hex miscast
  1093 | D:1      | XOM: summons 1 hostile demon
  1238 | D:2      | XOM: harmless Erth miscast
  1246 | D:2      | XOM: medium Divn miscast
  1495 | D:2      | Reached XP level 3. HP: 19/29 MP: 3/3
  1564 | D:2      | XOM: smoke on damage
  1749 | D:2      | Found an opulent altar of Gozag.
  1905 | D:2      | Found a sparkling altar of Nemelex Xobeh.
  2026 | D:2      | XOM is BORED!
  2026 | D:2      | XOM: summons 1 hostile demon
  2159 | D:2      | XOM: 3-stop teleportation journey
  2286 | D:3      | XOM: 1-stop teleportation journey
  2299 | D:3      | Reached skill level 4 in Long Blades
  2299 | D:3      | Reached XP level 4. HP: 15/35 MP: 4/4
  2530 | D:3      | XOM: polymorph orc -> gnoll
  2535 | D:3      | HP: 1/35 [orc wizard/magic dart (7)]
  2538 | D:3      | Slain by a hobgoblin

Dungeon Overview and Level Annotations

Branches:
Dungeon (3/15)

Altars:
Gozag
Nemelex Xobeh


Message History

You are too injured to fight recklessly!
You are too injured to fight recklessly!
You are too injured to fight recklessly!
You are too injured to fight recklessly!
You are too injured to fight recklessly!
You hit the orc wizard but do no damage.
The orc wizard hits you with a dagger. The hobgoblin misses you.
The orc wizard hits you with a dagger.
You closely miss the orc wizard. The orc wizard casts a spell at you.
The puff of frost hits you! You resist. The hobgoblin barely misses you.
You hit the orc wizard.
The orc wizard is poisoned.
The orc wizard is moderately wounded.
The orc wizard hits you but does no damage.
The orc priest miscasts a cantrip.
The hobgoblin barely misses you.
The orc wizard hits you but does no damage.
You completely miss the orc wizard.
The orc wizard is moderately wounded.
The orc wizard hits you with a dagger. The hobgoblin barely misses you.
The orc wizard points at you and mumbles some strange words.
The magic dart hits you!
You hit the orc wizard but do no damage.
The orc wizard looks even sicker.
The orc wizard is moderately wounded.
The orc wizard hits you but does no damage.
The hobgoblin closely misses you.
You closely miss the orc wizard.
The orc wizard is moderately wounded.
The orc wizard hits you but does no damage.
The hobgoblin hits you but does no damage.
The orc wizard hits you but does no damage.
You can't drink.
You aren't carrying any items that can be evoked.
Unknown command.
You hit the orc wizard.
The orc wizard is severely wounded.
The orc wizard barely misses you. The hobgoblin hits you with a club.
You die...
Xom roars with laughter!

You could see an orc priest, an orc wizard, a gnoll and a hobgoblin.

Vanquished Creatures
  An orc priest (D:3)
  An adder (D:3)
  A gnoll (D:1)
  An ooze (D:2)
  A worm (D:2)
  A giant gecko (D:2)
  8 orcs
  A giant cockroach (D:1)
  6 goblins
  2 hobgoblins
  4 kobolds
  A ball python (D:1)
  A bat (D:2)
  4 giant newts
  2 rats (D:2)
35 creatures vanquished.

Vanquished Creatures (others)
  A hobgoblin (D:1)
  A bat (D:2)
2 creatures vanquished.

Grand Total: 37 creatures vanquished

Action                   |  1- 3 |  4- 6 || total
-------------------------+-------+-------++-------
Melee: Falchion          |   121 |    19 ||   140
       Rapier            |    16 |       ||    16
  Use: Scroll            |     1 |       ||     1
 Stab: Confused          |     1 |       ||     1
       Petrifying        |     1 |       ||     1

Vault maps used:
D:1:      dpeg_arrival_short_road
D:2:      nicolae_gozag_cash_rules_everything_around_me, nemelex_altar_shiori
D:3:      tgw_sif, lemuel_doored_altar
